Map: Catalyst LE

Players

RiSky - Winner!

  • Race: Zerg Zerg
  • League: Master
  • Spawn Location: 11:00

eonblu

  • Race: Zerg Zerg
  • League: Grandmaster
  • Spawn Location: 5:00

Event: HomeStory Cup XVII

VOD

Have the link to the VOD?

Description

Time

  • Played on: June 28, 2018, 9:20 a.m.
  • Length: 11:08

All games in this series

Show
View Real Time Build Order
Export as new Build Order

RiSky Zerg - Winner!

Build Orders: Hatch First 

Get SALT Encoding   

  12  0:00  Drone  
  13  0:12  Overlord  
  13  0:17  Drone  
  14  0:30  Drone x2  
  16  0:48  Hatchery  
  15  0:51  Drone  
  15  0:55  Drone  
  17  0:58  Drone  
  18  1:09  Extractor  
  17  1:14  Spawning Pool  
  17  1:17  Drone  
  17  1:20  Drone  
  18  1:27  Drone  
  19  1:39  Drone  
  20  1:50  Overlord  
  20  1:59  Drone  
  20  2:00  Queen x2  
  25  2:01  Drone  
  26  2:11  Drone  
  26  2:12  Drone  
  29  2:22  Zergling x2  
  29  2:23  Zergling x2  
  30  2:32  Overlord  
  30  2:34  Drone  
  30  2:36  Queen  
  33  2:42  Drone  
  34  2:46  Drone, Evolution Chamber  
  34  2:54  Drone  
  34  2:56  Drone  
  36  3:00  Lair  
  36  3:02  Roach Warren  
  36  3:04  Drone  
  36  3:08  Drone  
  36  3:11  Drone  
  38  3:13  Drone x2  
  38  3:16  Zerg Missile Weapons Level 1  
  38  3:17  Drone  
  41  3:21  Overlord  
  41  3:24  Drone  
  41  3:26  Drone  
  43  3:28  Drone  
  44  3:36  Evolution Chamber  
  44  3:38  Evolution Chamber  
  41  3:41  Drone  
  41  3:42  Extractor, Roach x2  
  41  3:45  Roach  
  47  3:49  Roach  
  47  3:55  Evolution Chamber  
  48  3:57  Evolution Chamber  
  48  3:58  Roach  
  48  4:02  Roach  
  51  4:09  Evolution Chamber  
  50  4:21  Drone  
  50  4:22  Drone  
  52  4:25  Overlord  
  53  4:31  Overlord  
  53  4:33  Overlord  
  53  4:35  Extractor  
  53  4:36  Overlord x2  
  53  4:38  Glial Reconstitution  
  52  4:40  Overlord  
  52  4:43  Drone  
  52  4:45  Drone  
  54  4:46  Drone  
  55  4:55  Hatchery, Drone  
  55  5:01  Drone  
  55  5:03  Drone  
  55  5:06  Drone x2  
  60  5:07  Drone  
  60  5:11  Drone  
  60  5:12  Zerg Missile Weapons Level 2  
  61  5:15  Roach  
  61  5:19  Roach  
  65  5:22  Roach  
  65  5:25  Roach  
  65  5:27  Roach  
  70  5:31  Roach  
  70  5:34  Roach x2  
  76  5:38  Roach x2  
  76  5:42  Roach  
  82  5:46  Roach x2  
  86  5:52  Roach x2  
  86  5:55  Roach  
  92  5:59  Roach  
  92  6:02  Roach x2  
  98  6:07  Drone x2  
  98  6:09  Drone  
  101  6:12  Overlord  
  101  6:16  Drone  
  101  6:18  Drone  
  103  6:20  Overlord  
  103  6:21  Drone x2  
  105  6:28  Drone  
  105  6:29  Overseer  
  105  6:31  Drone x2  
  105  6:32  Roach x2  
  114  6:33  Roach  
  114  6:39  Roach x3  
  120  6:43  Roach  
  120  6:45  Overlord  
  122  6:48  Zerg Ground Armor Level 1  
  122  6:51  Overlord  
  122  6:59  Overlord  
  122  7:03  Drone  
  122  7:04  Drone x3  
  122  7:05  Drone x4  
  122  7:06  Overlord  
  130  7:09  Extractor, Drone  
  130  7:11  Extractor  
  130  7:13  Drone, Ravager  
  131  7:18  Overlord, Drone  
  131  7:20  Overlord, Drone  
  131  7:21  Drone  
  134  7:27  Overlord  
  134  7:29  Roach x3  
  140  7:33  Roach x3  
  144  7:40  Burrow, Drone  
  144  7:41  Extractor, Drone x2  
  144  7:42  Tunneling Claws  
  146  7:47  Roach x2  
  150  7:51  Roach x2  
  150  7:56  Roach x3  
  160  7:58  Drone  
  160  8:01  Drone  
  160  8:05  Hatchery  
  161  8:07  Roach x2  
  165  8:13  Spore Crawler  
  165  8:14  Spore Crawler  
  165  8:15  Spore Crawler  
  165  8:16  Pneumatized Carapace  
  165  8:19  Hydralisk Den  
  161  8:20  Roach  
  161  8:23  Roach x2  
  167  8:27  Roach  
  167  8:28  Roach  
  167  8:31  Roach x2  
  175  8:38  Roach x3  
  178  8:45  Overlord x2  
  178  8:49  Overlord  
  178  8:53  Overlord  
  178  8:56  Grooved Spines  
  178  8:58  Overlord  
  178  9:03  Hydralisk  
  178  9:04  Hydralisk x3  
  178  9:08  Roach x3  
  186  9:11  Hydralisk  
  186  9:12  Hydralisk x3, Roach x4  
  186  9:15  Roach x2  
  186  9:16  Lurker Den, Roach x5  
  186  9:17  Roach x4  
  193  9:20  Hydralisk x2  
  197  9:31  Roach  
  197  9:40  Roach  
  197  9:41  Roach x4  
  197  9:42  Hydralisk, Roach x2  
  197  9:43  Hydralisk, Roach  
  199  9:51  Hydralisk x3  
  199  10:02  Roach x3  
  199  10:04  Roach x2  
  199  10:05  Roach  
  199  10:09  Roach x3  
  199  10:10  Roach x2  
  197  10:18  Roach x3  
  198  10:24  Roach x8  
  199  10:44  Roach x2  
  199  10:45  Roach x3  
Show
View Real Time Build Order
Export as new Build Order

eonblu Zerg 

Build Orders: Hatch First 

Get SALT Encoding   

  12  0:01  Drone  
  13  0:12  Overlord  
  13  0:17  Drone  
  14  0:30  Drone x2  
  16  0:49  Hatchery  
  15  0:52  Drone  
  15  0:55  Drone  
  17  1:05  Extractor  
  17  1:10  Spawning Pool  
  15  1:14  Drone  
  15  1:17  Drone  
  17  1:20  Drone  
  18  1:29  Drone  
  19  1:43  Overlord  
  19  1:49  Drone  
  20  1:56  Queen  
  20  2:00  Zergling x2  
  20  2:01  Queen  
  23  2:02  Zergling x2  
  23  2:07  Metabolic Boost  
  26  2:12  Drone  
  27  2:17  Drone  
  27  2:21  Drone  
  29  2:23  Drone  
  30  2:32  Baneling Nest  
  30  2:33  Drone x2  
  31  2:54  Hatchery  
  31  2:58  Overlord  
  29  2:59  Zergling x4  
  29  3:00  Zergling x2  
  32  3:06  Zergling x4  
  32  3:11  Zergling x2  
  35  3:16  Zergling x4  
  35  3:17  Zergling x2  
  38  3:21  Zergling x4  
  38  3:23  Baneling  
  38  3:24  Baneling x2  
  40  3:33  Overlord  
  40  3:34  Drone x2  
  42  3:37  Drone  
  43  3:54  Drone x6  
  45  4:05  Zergling x4  
  45  4:08  Drone  
  44  4:10  Drone  
  44  4:15  Evolution Chamber  
  44  4:17  Drone  
  44  4:21  Drone x2  
  44  4:26  Extractor, Drone  
  44  4:27  Extractor, Roach Warren  
  44  4:28  Drone  
  44  4:29  Drone  
  43  4:33  Queen  
  43  4:36  Overlord  
  45  4:38  Drone  
  45  4:41  Zerg Missile Weapons Level 1  
  45  4:43  Lair  
  45  4:45  Drone  
  46  4:50  Drone x3  
  49  4:57  Overlord  
  49  5:08  Roach x6  
  49  5:14  Overlord  
  61  5:18  Roach x2  
  65  5:23  Roach x3  
  65  5:27  Spine Crawler  
  70  5:32  Overlord  
  70  5:45  Roach x5  
  80  5:50  Overlord  
  80  6:01  Roach x5  
  89  6:04  Glial Reconstitution  
  89  6:15  Drone x3  
  89  6:17  Drone x6  
  98  6:23  Overlord  
  98  6:32  Overlord  
  98  6:35  Spire  
  98  6:37  Drone  
  98  6:42  Unknown  
  98  6:50  Extractor  
  98  6:51  Extractor  
  98  6:53  Overlord x2  
  97  6:54  Drone x3  
  97  6:55  Drone x3  
  97  6:58  Roach x5  
  97  7:00  Overlord  
  112  7:11  Overlord  
  112  7:12  Roach  
  112  7:13  Roach x3  
  119  7:43  Overlord x2  
  119  7:46  Mutalisk x5, Extractor  
  119  7:49  Drone x3  
  119  7:50  Drone x6  
  137  7:53  Unknown  
  137  7:57  Zerg Missile Weapons Level 2  
  137  8:02  Roach  
  137  8:03  Roach x2  
  143  8:11  Drone x3  
  148  8:20  Roach x3  
  148  8:21  Overlord x3  
  152  8:33  Roach  
  156  8:41  Roach x6  
  156  8:42  Roach x6  
  178  9:04  Hatchery  
  178  9:07  Overlord x2  
  177  9:32  Overseer  
  175  9:43  Roach x4  
  175  9:44  Roach x7  
  194  10:00  Overlord x2  
  187  10:17  Ravager x7  
  187  10:18  Overlord x2  
  187  10:29  Roach x7  
  191  10:37  Overseer  
Tags
 
Add a new tag
Caveats
  • Supply blocks, unpowered buildings, or Contaminate may cause inaccurate times.
  • Supply counts are checked every 10 seconds.